%YAML 1.1
%TAG !u! tag:unity3d.com,2011:
--- !u!1 &138939352733814914
GameObject:
  m_ObjectHideFlags: 0
  m_CorrespondingSourceObject: {fileID: 0}
  m_PrefabInstance: {fileID: 0}
  m_PrefabAsset: {fileID: 0}
  serializedVersion: 6
  m_Component:
  - component: {fileID: 138939352733814915}
  - component: {fileID: 138939352733814918}
  - component: {fileID: 138939352733814917}
  - component: {fileID: 138939352733814938}
  - component: {fileID: 138939352733814936}
  - component: {fileID: 138939352733814939}
  - component: {fileID: 138939352733814916}
  - component: {fileID: 6656243625258657872}
  m_Layer: 5
  m_Name: UI_DragArea
  m_TagString: Untagged
  m_Icon: {fileID: 0}
  m_NavMeshLayer: 0
  m_StaticEditorFlags: 0
  m_IsActive: 1
--- !u!224 &138939352733814915
RectTransform:
  m_ObjectHideFlags: 0
  m_CorrespondingSourceObject: {fileID: 0}
  m_PrefabInstance: {fileID: 0}
  m_PrefabAsset: {fileID: 0}
  m_GameObject: {fileID: 138939352733814914}
  m_LocalRotation: {x: -0, y: -0, z: -0, w: 1}
  m_LocalPosition: {x: 0, y: 0, z: 0}
  m_LocalScale: {x: 1, y: 1, z: 1}
  m_ConstrainProportionsScale: 0
  m_Children: []
  m_Father: {fileID: 0}
  m_RootOrder: 0
  m_LocalEulerAnglesHint: {x: 0, y: 0, z: 0}
  m_AnchorMin: {x: 0.5, y: 0}
  m_AnchorMax: {x: 1, y: 1}
  m_AnchoredPosition: {x: 0, y: 0}
  m_SizeDelta: {x: 0, y: 0}
  m_Pivot: {x: 0.5, y: 0.5}
--- !u!222 &138939352733814918
CanvasRenderer:
  m_ObjectHideFlags: 0
  m_CorrespondingSourceObject: {fileID: 0}
  m_PrefabInstance: {fileID: 0}
  m_PrefabAsset: {fileID: 0}
  m_GameObject: {fileID: 138939352733814914}
  m_CullTransparentMesh: 1
--- !u!114 &138939352733814917
MonoBehaviour:
  m_ObjectHideFlags: 0
  m_CorrespondingSourceObject: {fileID: 0}
  m_PrefabInstance: {fileID: 0}
  m_PrefabAsset: {fileID: 0}
  m_GameObject: {fileID: 138939352733814914}
  m_Enabled: 1
  m_EditorHideFlags: 0
  m_Script: {fileID: 11500000, guid: fe87c0e1cc204ed48ad3b37840f39efc, type: 3}
  m_Name: 
  m_EditorClassIdentifier: 
  m_Material: {fileID: 0}
  m_Color: {r: 0.31683874, g: 0.7232526, b: 0.754717, a: 0.078431375}
  m_RaycastTarget: 1
  m_RaycastPadding: {x: 0, y: 0, z: 0, w: 0}
  m_Maskable: 0
  m_OnCullStateChanged:
    m_PersistentCalls:
      m_Calls: []
  m_Sprite: {fileID: 0}
  m_Type: 0
  m_PreserveAspect: 0
  m_FillCenter: 1
  m_FillMethod: 4
  m_FillAmount: 1
  m_FillClockwise: 1
  m_FillOrigin: 0
  m_UseSpriteMesh: 0
  m_PixelsPerUnitMultiplier: 1
--- !u!114 &138939352733814938
MonoBehaviour:
  m_ObjectHideFlags: 0
  m_CorrespondingSourceObject: {fileID: 0}
  m_PrefabInstance: {fileID: 0}
  m_PrefabAsset: {fileID: 0}
  m_GameObject: {fileID: 138939352733814914}
  m_Enabled: 1
  m_EditorHideFlags: 0
  m_Script: {fileID: 11500000, guid: 0346d7dbc1914a3f994b5e3a324ae565, type: 3}
  m_Name: 
  m_EditorClassIdentifier: 
  <Enabled>k__BackingField:
    m_PersistentCalls:
      m_Calls: []
  <Disabled>k__BackingField:
    m_PersistentCalls:
      m_Calls: []
  _graphic: {fileID: 138939352733814917}
--- !u!114 &138939352733814936
MonoBehaviour:
  m_ObjectHideFlags: 0
  m_CorrespondingSourceObject: {fileID: 0}
  m_PrefabInstance: {fileID: 0}
  m_PrefabAsset: {fileID: 0}
  m_GameObject: {fileID: 138939352733814914}
  m_Enabled: 1
  m_EditorHideFlags: 0
  m_Script: {fileID: 11500000, guid: b036a0e43b494d49a6bb92c9c59b2916, type: 3}
  m_Name: 
  m_EditorClassIdentifier: 
  _dragArea: {fileID: 138939352733814916}
  _control: {fileID: 138939352733814939}
--- !u!114 &138939352733814939
MonoBehaviour:
  m_ObjectHideFlags: 0
  m_CorrespondingSourceObject: {fileID: 0}
  m_PrefabInstance: {fileID: 0}
  m_PrefabAsset: {fileID: 0}
  m_GameObject: {fileID: 138939352733814914}
  m_Enabled: 1
  m_EditorHideFlags: 0
  m_Script: {fileID: 11500000, guid: 1923c6fbe6d549eaacc58211f09f5347, type: 3}
  m_Name: 
  m_EditorClassIdentifier: 
  _controlPath: <Mobile>/Delta
--- !u!114 &138939352733814916
MonoBehaviour:
  m_ObjectHideFlags: 0
  m_CorrespondingSourceObject: {fileID: 0}
  m_PrefabInstance: {fileID: 0}
  m_PrefabAsset: {fileID: 0}
  m_GameObject: {fileID: 138939352733814914}
  m_Enabled: 1
  m_EditorHideFlags: 0
  m_Script: {fileID: 11500000, guid: 135d129ccaf79a34a9644036505b2550, type: 3}
  m_Name: 
  m_EditorClassIdentifier: 
  <Enabled>k__BackingField:
    m_PersistentCalls:
      m_Calls: []
  <Disabled>k__BackingField:
    m_PersistentCalls:
      m_Calls: []
  <PointerDragEvent>k__BackingField:
    m_PersistentCalls:
      m_Calls: []
  <PointerDownEvent>k__BackingField:
    m_PersistentCalls:
      m_Calls: []
  <PointerUpEvent>k__BackingField:
    m_PersistentCalls:
      m_Calls: []
--- !u!114 &6656243625258657872
MonoBehaviour:
  m_ObjectHideFlags: 0
  m_CorrespondingSourceObject: {fileID: 0}
  m_PrefabInstance: {fileID: 0}
  m_PrefabAsset: {fileID: 0}
  m_GameObject: {fileID: 138939352733814914}
  m_Enabled: 1
  m_EditorHideFlags: 0
  m_Script: {fileID: 11500000, guid: 099f3bd1782951d4ea39ca1300205a3d, type: 3}
  m_Name: 
  m_EditorClassIdentifier: 
  <Enabled>k__BackingField:
    m_PersistentCalls:
      m_Calls: []
  <Disabled>k__BackingField:
    m_PersistentCalls:
      m_Calls: []
  <DoubleClickEvent>k__BackingField:
    m_PersistentCalls:
      m_Calls:
      - m_Target: {fileID: 0}
        m_TargetAssemblyTypeName: Frostgate.RiftHunters.Core.Components.UI.ButtonClicker,
          Assembly-CSharp
        m_MethodName: Click
        m_Mode: 1
        m_Arguments:
          m_ObjectArgument: {fileID: 0}
          m_ObjectArgumentAssemblyTypeName: UnityEngine.Object, UnityEngine
          m_IntArgument: 0
          m_FloatArgument: 0
          m_StringArgument: 
          m_BoolArgument: 0
        m_CallState: 2
  _doubleClickTime: 0.3
